 Dungeon Crawl Stone Soup version 0.29-a0-721-g7f417c9bbb (webtiles) character file.

Game seed: 12501971495163760274

42 bande the Trooper (level 3, 0/24 HPs)
             Began as a Gargoyle Fighter on June 28, 2022.
             Slain by an adder (1 damage)
             ... on level 2 of the Dungeon.
             The game lasted 00:01:27 (708 turns).

bande the Trooper (Gargoyle Fighter)                 Turns: 708, Time: 00:01:28

Health: 0/24       AC: 10    Str: 19    XL:     3   Next: 56%
Magic:  3/3        EV:  9    Int:  8    God:
Gold:   111        SH:  5    Dex: 11    Spells: 2/2 levels left

rFire   . . .      SeeInvis .   a - +0 war axe
rCold   . . .      Faith    .   c - +1 buckler
rNeg    + . .      Spirit   .   b - +0 scale mail
rPois   ∞          Reflect  .   (no helmet)
rElec   +          Harm     .   (no cloak)
rCorr   .          Rampage  .   (no gloves)
Will    .....                   (no boots)
Stlth   ..........              (no amulet)
HPRegen 0.08/turn               (no ring)
MPRegen 0.08/turn               (no ring)

@: no status effects
A: sickness immunity, AC +3, negative energy resistance 1, electricity
resistance, torment resistance 1, petrification resistance
a: no special abilities


You were on level 2 of the Dungeon.
You visited 1 branch of the dungeon, and saw 2 of its levels.

You collected 111 gold pieces.

Inventory:

Hand Weapons
 a - a +0 war axe (weapon)
Armour
 b - a +0 scale mail (worn)
 c - a +1 buckler (worn)
Scrolls
 f - a scroll of identify
Potions
 d - a potion of might
 e - a potion of curing
 g - 2 potions of cancellation


   Skills:
 + Level 3.7 Fighting
 + Level 2.7 Axes
 + Level 3.5 Armour
 + Level 0.1 Stealth
 + Level 3.5 Shields


You had 2 spell levels left.
You didn't know any spells.
Your spell library was empty.

Dungeon Overview and Level Annotations

Branches:
Dungeon (2/15)

Altars:

Shops:
D:1 !


Innate Abilities, Weirdness & Mutations

You are immune to sickness and miasma.
Your stone body is resilient. (AC +3)
You are immune to poison.
You resist negative energy. (rN+)
You are resistant to electric shocks. (rElec)
You are resistant to unholy torment.
You are immune to petrification.


Message History

You hit Terence.
Terence is moderately wounded.
Terence hits you but does no damage.
Terence drinks a potion.
Terence seems to grow stronger.
You hit Terence but do no damage.
Terence is moderately wounded.
You closely miss the adder. The adder bites you but does no damage.
Terence hits you but does no damage.
You hit Terence.
Terence is severely wounded.
You miss the adder. The adder barely misses you.
Terence hits you with a +3 mace of draining!
Ouch! That really hurt!
The adder bites you but does no damage.
You hit Terence.
Terence is almost dead.
You hit the adder but do no damage. The adder barely misses you.
Terence closely misses you. The adder bites you but does no damage.
Terence hits you with a +3 mace of draining!
* * * LOW HITPOINT WARNING * * *
You slash Terence!
You kill Terence!
You hit the adder. You block the adder's attack. The adder barely misses you.
You have reached level 3!
Your experience leads to an increase in your attributes!
Increase (S)trength, (I)ntelligence, or (D)exterity?
You feel agile. x2
You hit the adder.
The adder is heavily wounded.
The adder bites you but does no damage. x2
You barely miss the adder.
The adder is heavily wounded.
The adder completely misses you. You block the adder's attack.
You barely miss the adder.
The adder is heavily wounded.
The adder barely misses you. x2
You barely miss the adder.
The adder is heavily wounded.
The adder bites you.
You die...

#.# .. #.# #. #.#
###.### #.# #
#.....# #.#
#.#.....###.####
#.............<#
####..S..###.##.#
......)@.....##.#
#.#.#...#######.#
#.#.## #.# ##..
#.# #... #.#
#.### #.# #.# #.


You could see an adder.

Vanquished Creatures
  Terence (D:2)
  A dart slug (D:1)
  5 bats
  A goblin (D:1)
  A hobgoblin (D:1)
  3 jackals (D:1)
  A kobold (D:1)
  A quokka (D:1)
  A ball python (D:1)
  A frilled lizard (D:1)
  2 rats (D:1)
18 creatures vanquished.

Notes
Turn   | Place    | Note
-------+----------+-------------------------------------------
     0 | D:1      | bande the Gargoyle Fighter began the quest for the Orb.
     0 | D:1      | Reached XP level 1. HP: 14/14 MP: 1/1
   116 | D:1      | Found a faded altar of an unknown god.
   139 | D:1      | Reached XP level 2. HP: 18/19 MP: 2/2
   264 | D:1      | Found Ifygobas's Distillery.
   696 | D:2      | Noticed Terence
   703 | D:2      | HP: 1/20 [Terence/+3 mace of draining (7)]
   704 | D:2      | Killed Terence
   705 | D:2      | Reached XP level 3. HP: 1/24 MP: 3/3
   708 | D:2      | Slain by an adder

Illustrated notes

Levels and vault maps discovered:
D:1:      dpeg_arrival_three_smaller_balls, layout_rooms,
          basic_ecumenical_altar, serial_shops, shop_coins
D:2:      layout_loops_ring, serial_shops, nicolae_shop_waterfront,
          small_statue_intersection, minmay_misc_feat_encased, uniq_terence

Skill      XL: |  1  2 |
---------------+-------+-----
Axes           | 2 |  2.7
Fighting       | |  3.7
Armour         | |  3.5
Stealth        | |  0.1
Shields        | |  3.5

Action                   || total
-------------------------++-------
Melee: War axe           ||    76
  Use: Scroll            ||     3
Armor: Scale mail        ||    53
Dodge: Dodged            ||    44
Block: Buckler           ||    22

Table legend: (Time is in decaauts)
 A = Elapsed time spent in this place.
 B = Non-inter-level travel time spent in this place.
 C = Inter-level travel time spent in this place.
 D = Time resting spent in this place.
 E = Time spent auto-exploring this place.
 F = Levels seen in this place.
 G = Mean time per level.
                   A        B        C        D        E       F      G
               +--------+--------+--------+--------+--------+-----+--------+
         Total |    740 |    740 |      0 |      0 |    528 |   2 |  370.0 |
       Dungeon |    740 |    740 |      0 |      0 |    528 |   2 |  370.0 |
               +--------+--------+--------+--------+--------+-----+--------+

Top non-repeatable levels by time:
     D:1: 711 daAuts
     D:2: 29 daAuts
